 Dungeon Crawl Stone Soup version 0.31-a0-1522-g43313d8a59 (webtiles) character file.

Game seed: 16300035383389051704

358 hikkokomori the Digger (level 6, 0/37 HPs)
             Began as a Gargoyle Earth Elementalist on Dec 30, 2023.
             Killed from afar by an orc wizard (5 damage)
             ... with a magic dart
             ... on level 3 of the Dungeon.
             The game lasted 00:04:53 (2473 turns).

hikkokomori the Digger (GrEE)                       Turns: 2473, Time: 00:04:54

Health: 0/37       AC:  6    Str: 14    XL:     6   Next: 64%
Magic:  8/11       EV: 11    Int: 17    God:
Gold:   107        SH:  0    Dex: 10    Spells: 7/11 levels left

rFire   . . .        i - +2 whip of Korchaziu {speed, Str+2}
rCold   . . .        (no shield)
rNeg    + . .        a - +0 robe
rPois   ∞            (no helmet)
rElec   +            (no cloak)
rCorr   .            (no gloves)
SInv    .            (no boots)
Will    .....        (no amulet)
Stlth   ++           (no ring)
HPRegen 0.26/turn    (no ring)
MPRegen 0.12/turn

%: no passive effects
@: hasted, very quick
A: sickness immunity, AC +4, negative energy resistance 1, electricity
resistance, torment resistance 1, petrification resistance
a: no special abilities


You were on level 3 of the Dungeon.
You visited 1 branch of the dungeon, and saw 3 of its levels.
You also visited: Sewer.

You collected 107 gold pieces.

Inventory:

Hand Weapons
 c - a +0 dagger
 i - the +2 whip of Korchaziu (weapon) {speed, Str+2}
   (You found it on level 2 of the Dungeon)

   Str+2:     It affects your strength (+2).
 l - a +2 war axe of freezing
Missiles
 f - 7 curare-tipped darts
 n - 5 javelins
 t - 12 poisoned darts
Armour
 a - a +0 robe (worn)
Magical Staves
 p - a staff of air
Jewellery
 o - a ring of fire
Wands
 q - a wand of mindburst (11)
Scrolls
 d - 2 scrolls of amnesia
 g - a scroll of immolation {unknown}
 h - a scroll of identify {unknown}
 m - a scroll of brand weapon {unknown}
 w - a scroll of blinking {unknown}
 x - a scroll of butterflies {unknown}
Potions
 b - 2 potions of magic
 e - a potion of curing {unknown}
 j - a potion of haste
 k - a potion of attraction {unknown}
 r - 2 potions of heal wounds {unknown}
 s - a potion of invisibility {unknown}
 u - a potion of enlightenment {unknown}
 v - 2 potions of might {unknown}


   Skills:
 + Level 3.0 Fighting
 - Level 1.5 Dodging
 + Level 4.2 Stealth
 + Level 3.3 Spellcasting
 + Level 2.0 Conjurations
 + Level 5.2 Earth Magic
 - Level 0.7 Alchemy


You had 7 spell levels left.
You knew the following spells:

 Your Spells              Type           Power      Damage    Failure   Level
a - Sandblast             Erth           40%        2d10      1%          1
b - Stone Arrow           Conj/Erth      30%        3d8       12%         3

Your spell library contained the following spells:

 Spells                   Type           Power      Damage    Failure   Level
 Passwall                 Erth           20%        N/A       6%          3
 Brom's Barrelling Bould  Conj/Erth      15%        2d4       36%         4
 Petrify                  Alch/Erth      12%        N/A       45%         4


Dungeon Overview and Level Annotations

Branches:
Dungeon (3/15)              Sewer (visited)

Altars:
Cheibriados

Shops:
D:3 *


Innate Abilities, Weirdness & Mutations

You are immune to sickness and miasma.
Your stone body is resilient. (AC +4)
You are immune to poison.
You resist negative energy. (rN+)
You are resistant to electric shocks. (rElec)
You are resistant to unholy torment.
You are immune to petrification.


Message History

There are monsters nearby!
There are monsters nearby!
The blast of sand hits the orc wizard!
The orc wizard is severely wounded.
The orc shouts! x2
The orc wizard hits you but does no damage.
The blast of sand misses the orc wizard.
The blast of sand hits the orc!
You kill the orc!
The orc wizard hits you with a +0 dagger. x2
The blast of sand hits the orc wizard but does no damage.
The orc wizard is severely wounded.
The blast of sand hits the orc!
You kill the orc!
The orc wizard points at you and mumbles some strange words.
The puff of flame hits you!
The orc wizard gestures at you while chanting.
The puff of flame hits you!
You are too injured to fight recklessly!
You are too injured to fight recklessly!
You are too injured to fight recklessly!
Unknown command.
The orc wizard hits you but does no damage.
The orc hits you from afar with a +0 trident!
* * * LOW HITPOINT WARNING * * *
Things that are here:
a +0 club; an orc corpse You closely miss the orc wizard.
The orc wizard is severely wounded.
You hit the orc wizard.
The orc wizard is severely wounded.
The orc hits you from afar with a +0 trident.
* * * LOW HITPOINT WARNING * * *
The orc wizard gestures at you while chanting.
You resist with some effort.
It was a potion of haste.
You feel yourself speed up. The orc barely misses you.
The orc wizard casts a spell at you. The magic dart hits you.
You die...

,* ##.#.#.##.........# #
,*####....##...........# #
,,.....................##########
**####..####.#...................
##.**#..#.).......##########
*#.,#.#.#.........#********#
******.,........o..........,,,,,.
,,>,,,......#.##o##########*****#
******..###..$##@#
*..*,..####.########
*,,,...............# ##
*,*,....###.######.# #. *,,,..,,*
#.# #.# #. *,**,,,** #.# #.# #.
*,****** #.# #.########.
*,********#.# #..........
*,,,,,,,,,..# ###########


You could see an orc wizard and an orc.

Vanquished Creatures
  3 kobold brigands (Sewer)
  Robin (D:2)
  A river rat (Sewer)
  7 adders
  2 dart slugs
  A ribbon worm (D:2)
  2 orcs (D:3)
  3 bats (D:1)
  3 endoplasms
  A giant cockroach (D:1)
  13 goblins
  7 hobgoblins
  9 kobolds
  8 ball pythons
  A frilled lizard (D:2)
  12 rats
74 creatures vanquished.

Notes
Turn   | Place    | Note
-------+----------+-------------------------------------------
     0 | D:1      | hikkokomori the Gargoyle Earth Elementalist began the quest
                  | for the Orb.
     0 | D:1      | Reached XP level 1. HP: 10/10 MP: 3/3
   133 | D:1      | Reached XP level 2. HP: 16/16 MP: 1/5
   396 | D:1      | Found a faded altar of an unknown god.
   403 | D:1      | Reached skill level 1 in Fighting
   564 | D:1      | Reached skill level 4 in Earth Magic
   564 | D:1      | Reached XP level 3. HP: 20/20 MP: 3/6
   915 | D:2      | Identified the +2 whip of Korchaziu {speed, Str+2}
  1104 | D:2      | Reached XP level 4. HP: 17/26 MP: 2/7
  1467 | D:2      | Noticed Robin
  1482 | D:2      | Killed Robin
  1721 | D:3      | Learned a level 3 spell: Stone Arrow
  1811 | D:3      | Found Ydeinir's General Store.
  1823 | D:3      | Found a snail-covered altar of Cheibriados.
  1869 | D:3      | Found a glowing drain.
  1876 | D:3      | Reached XP level 5. HP: 30/30 MP: 3/9
  1914 | Sewer    | Entered a sewer
  1998 | Sewer    | Noticed a kobold brigand
  2012 | Sewer    | Killed a kobold brigand
  2013 | Sewer    | Reached skill level 1 in Conjurations
  2157 | Sewer    | Noticed a kobold brigand
  2164 | Sewer    | Killed a kobold brigand
  2165 | Sewer    | Reached skill level 5 in Earth Magic
  2165 | Sewer    | Reached XP level 6. HP: 36/36 MP: 5/10
  2473 | D:3      | Killed from afar by an orc wizard

Illustrated notes

Levels and vault maps discovered:
D:1:      reono_arrival_mine, layout_rooms, shapermc_ecumenical_altar_gd
D:2:      layout_basic, minmay_misc_feat_x, minmay_tetromino_i2, uniq_robin
D:3:      layout_loops_ring, cheibriados_altar_1, portal_sewer_entry_a,
          serial_shops, nicolae_shop_behind_doors, grunt_ministairs_11,
          nicolae_concentric_dashed_squares_mild, kennysheep_generic_room_3

Skill      XL: |  1  2  3  4  5  6 |
---------------+-------------------+-----
Fighting       | 1 2 3 |  3.0
Earth Magic    | 4 5 |  5.2
Stealth        | 3 4 |  4.2
Spellcasting   | 3 |  3.3
Conjurations   | 1 2 |  2.0
Dodging        | |  1.5
Alchemy        | |  0.7

Action                     |  1- 3 |  4- 6 || total
---------------------------+-------+-------++-------
  Melee: Unarmed           |    10 |       ||    10
         Dagger            |    20 |       ||    20
         Whip              |     4 |    39 ||    43
  Throw: Javelin           |       |     1 ||     1
   Cast: Sandblast         |    39 |    62 ||   101
    Use: Scroll            |       |     2 ||     2
         Potion            |       |     1 ||     1
 Armour: Robe              |    37 |    44 ||    81
  Dodge: Dodged            |    24 |    31 ||    55

Table legend: (Time is in decaauts)
 A = Elapsed time spent in this place.
 B = Non-inter-level travel time spent in this place.
 C = Inter-level travel time spent in this place.
 D = Time resting spent in this place.
 E = Time spent auto-exploring this place.
 F = Levels seen in this place.
 G = Mean time per level.
                   A        B        C        D        E       F      G
               +--------+--------+--------+--------+--------+-----+--------+
         Total |   2582 |   2558 |     24 |     25 |   1866 |   4 |  645.5 |
       Dungeon |   2033 |   2009 |     24 |     25 |   1497 |   3 |  677.7 |
         Sewer |    549 |    549 |      0 |      0 |    368 |   1 |  549.0 |
               +--------+--------+--------+--------+--------+-----+--------+

Top non-repeatable levels by time:
     D:2: 922 daAuts
     D:1: 815 daAuts
   Sewer: 549 daAuts
     D:3: 296 daAuts
